[Event "Titled Tuesday Blitz January 10 Late 2023"]
[White "Svane, Rasmus"]
[Black "reevecanada"]
[WhiteFideId "4657101"]
[WhiteElo "2623"]
[BlackElo "2497"]
[Result "1-0"]
[Round "01"]
[TimeControl "180+2"]
[Date "2023.01.10"]
[WhiteClock "0:00:05"]
[BlackClock "0:00:48"]

1. Nf3 d5 2. g3 c5 3. Bg2 Nc6 4. d4 cxd4 5. Nxd4 Nf6 6. O-O e6 7. c4 Bc5 8. Nxc6 bxc6 9. Qc2 Bb6 10. Nc3 O-O 11. Na4 Bc7 12. b3 Ba6 13. Nc5 Bc8 14. Bb2 Bd6 15. cxd5 cxd5 16. e4 Qc7 17. Bxf6 Qxc5 18. Qxc5 Bxc5 19. Bb2 Bb7 20. exd5 exd5 21. Rad1 Rad8 22. Bd4 Bb6 23. Bxb6 axb6 24. Rd4 Rd7 25. Rfd1 Rfd8 26. a4 Ba8 27. h4 g6 28. Rb4 Rd6 29. Rdd4 Kg7 30. Rb5 R8d7 31. Rdb4 Re6 32. Bf3 Rdd6 33. Rd4 Re5 34. Kg2 h5 35. b4 Kf6 36. a5 bxa5 37. bxa5 Ke6 38. Rb8 Ra6 39. Rf4 Ra7 40. Re8+ Kd6 41. Rf6+ Re6 42. Rexe6+ fxe6 43. Rxg6 Rxa5 44. Bxh5 Ra3 45. Bf3 Bc6 46. h5 Bd7 47. h6 Ra8 48. Bg4 Rh8 49. f4 d4 50. Kf2 Ke7 51. Rg7+ Kd8 52. h7 Be8 53. Bxe6 d3 54. Ke3 d2 55. Kxd2 Bf7 56. Rxf7 Ke8 57. Rg7 Kd8 58. Rg8+ Ke7 59. Rxh8 Kxe6 60. Rg8 Kf7 61. h8=Q Ke6 62. Ke3 Kf7 63. Rg7+ Kf6 64. Qf8+ Ke6 65. Re7+ Kd6 66. g4 Kc6 67. g5 Kb6 68. g6 Ka6 69. g7 Kb6 70. f5 Kc6 71. f6 Kb6 72. f7 Ka6 73. Qe8 Kb6 74. Rd7 Kc6 75. f8=Q Kb6 76. g8=Q Ka6 77. Qge6+ Ka5 78. Qff5+ Ka4 79. Rd3+ Kb4 80. Q8e7+ Ka4 81. Qfe4+ Kb5 82. Q6f5+ Kb6 83. Qef6+ Kc7 84. Rd7+ Kb8 85. Qe8# 1-0


[Site "https://www.chess.com"]

[Event "Titled Tuesday Blitz January 10 Late 2023"]
[White "Ladan, Nicholas"]
[Black "Mosadeghpour, Masoud"]
[WhiteFideId "30918855"]
[BlackFideId "12519278"]
[WhiteElo "2228"]
[BlackElo "2472"]
[Result "1-0"]
[Round "01"]
[TimeControl "180+2"]
[Date "2023.01.10"]
[WhiteClock "0:01:41"]
[BlackClock "0:02:19"]

1. b4 Nf6 2. Bb2 g6 3. e3 Bg7 4. d3 O-O 5. Nd2 c5 6. bxc5 Nc6 7. Ngf3 b6 8. cxb6 Qxb6 9. Rb1 Qa5 10. a3 Nd5 11. Bxg7 Kxg7 12. Rb3 Ba6 13. Qa1+ f6 14. Be2 Rab8 15. O-O d6 16. Rfb1 Rxb3 17. Nxb3 Rc8 18. Nxa5 Nxa5 19. c4 Nb6 20. Qc3 Nb7 21. Nd4 Nc5 22. Qa5 e5 23. Ne6+ Nxe6 24. Qxa6 Rc7 25. Bf3 Nc5 26. Qb5 Nxd3 27. Bd5 Nc5 28. Qe8 Nxd5 29. cxd5 Nd3 30. Qd8 Rc2 31. Qe7+ Kh6 32. Qxf6 Rc4 33. Qxd6 a5 34. Qf8+ Kh5 35. d6 Nc5 36. Qe7 1-0


[Site "https://www.chess.com"]

[Event "Titled Tuesday Blitz January 10 Late 2023"]
[White "Mamedyarov, Shakhriyar"]
[Black "Khandelwal, Ankush"]
[WhiteFideId "13401319"]
[BlackFideId "413470"]
[WhiteElo "2738"]
[BlackElo "2205"]
[Result "1-0"]
[Round "01"]
[TimeControl "180+2"]
[Date "2023.01.10"]
[WhiteClock "0:01:59"]
[BlackClock "0:00:21"]

1. d4 Nf6 2. Bg5 d5 3. Bxf6 gxf6 4. c4 dxc4 5. e3 c5 6. d5 Bg7 7. Bxc4 f5 8. Nc3 O-O 9. Nge2 Nd7 10. O-O a6 11. a4 Ne5 12. Bb3 Bd7 13. Ng3 b5 14. Bc2 e6 15. axb5 axb5 16. Rxa8 Qxa8 17. dxe6 Bxe6 18. Nxf5 Bxf5 19. Bxf5 b4 20. Nd5 Rd8 21. e4 Qa2 22. Ne7+ 1-0


[Site "https://www.chess.com"]

[Event "Titled Tuesday Blitz January 10 Late 2023"]
[White "Jimenez Almeida, Luis David"]
[Black "Oparin, Grigoriy"]
[WhiteFideId "22242244"]
[BlackFideId "24125890"]
[WhiteElo "2242"]
[BlackElo "2667"]
[Result "1/2-1/2"]
[Round "01"]
[TimeControl "180+2"]
[Date "2023.01.10"]
[WhiteClock "0:00:08"]
[BlackClock "0:00:11"]

1. e4 c6 2. Nc3 d5 3. Qf3 dxe4 4. Nxe4 Nf6 5. Nxf6+ exf6 6. Bc4 Bd6 7. Ne2 O-O 8. d4 c5 9. dxc5 Bxc5 10. O-O Nc6 11. Qg3 Ne5 12. Bb3 Bf5 13. Be3 Qb6 14. Bxc5 Qxc5 15. c3 Rad8 16. Nd4 Bg6 17. Rad1 Nc6 18. Qc7 Qe5 19. Qxb7 Nxd4 20. cxd4 Rxd4 21. Qxa7 Rxd1 22. Rxd1 Qxb2 23. Qc5 h5 24. h3 Re8 25. Qb5 Re2 26. Rf1 Kh7 27. Qd7 Rd2 28. Qc7 Qd4 29. Qg3 h4 30. Qe3 Qxe3 31. fxe3 Be4 32. Rf2 Rd7 33. Rf4 f5 34. Rxh4+ Kg6 35. Rf4 Rd3 36. g4 Rxe3 37. gxf5+ Bxf5 38. Bxf7+ Kg5 39. Rf2 Rxh3 40. Be8 Rc3 41. a4 Be4 42. Re2 Kf4 43. Kf2 g5 44. Bd7 Ra3 45. Rb2 g4 46. Bxg4 Kxg4 47. Rb4 Kf4 48. Ke2 Ra2+ 49. Kd1 Ke3 50. Kc1 Bd3 51. a5 Rxa5 52. Kb2 Kd2 53. Rb6 Rc5 54. Rb4 Rc2+ 55. Kb3 Rc1 56. Kb2 Rb1+ 57. Ka3 Ra1+ 58. Kb2 Rh1 59. Rb3 Rh7 60. Rb4 Rc7 61. Rb3 Bc4 62. Rb4 Bd5 63. Rd4+ Ke3 64. Rxd5 Re7 65. Rb5 Re4 66. Rb3+ Kf4 67. Ka3 Re3 68. Rxe3 Kxe3 1/2-1/2


[Site "https://www.chess.com"]

[Event "Titled Tuesday Blitz January 10 Late 2023"]
[White "Zierk, Steven"]
[Black "Wu, Brandon"]
[WhiteFideId "2034255"]
[BlackFideId "30909228"]
[WhiteElo "2488"]
[BlackElo "2123"]
[Result "1-0"]
[Round "01"]
[TimeControl "180+2"]
[Date "2023.01.10"]
[WhiteClock "0:02:08"]
[BlackClock "0:01:58"]

1. e4 c6 2. d4 d5 3. e5 c5 4. dxc5 Nc6 5. Bb5 e6 6. Be3 Ne7 7. c3 Bd7 8. Bxc6 Nxc6 9. Nf3 a5 10. O-O a4 11. Na3 Ra5 12. b4 axb3 13. axb3 Qa8 14. Nb5 Kd8 15. Nd6 Bxd6 16. cxd6 h6 17. Bb6+ Kc8 18. Bxa5 Nxa5 19. b4 b6 20. bxa5 bxa5 21. Qd4 1-0


[Site "https://www.chess.com"]

[Event "Titled Tuesday Blitz January 10 Late 2023"]
[White "Ezat, Mohamed"]
[Black "Tari, Aryan"]
[WhiteFideId "10600906"]
[BlackFideId "1510045"]
[WhiteElo "2402"]
[BlackElo "2642"]
[Result "0-1"]
[Round "01"]
[TimeControl "180+2"]
[Date "2023.01.10"]
[WhiteClock "0:00:08"]
[BlackClock "0:00:43"]

1. d4 Nf6 2. c3 d5 3. Nf3 Bf5 4. Bg5 Nbd7 5. e3 e6 6. Bd3 Bg6 7. Ne5 Bxd3 8. Qxd3 Be7 9. Bxf6 Bxf6 10. Qb5 Bxe5 11. dxe5 O-O 12. Qxb7 Rb8 13. Qxa7 Rxb2 14. O-O Nxe5 15. Qd4 Qg5 16. Kh1 Ng4 17. Kg1 e5 18. Qxd5 Qh4 19. h3 Nxf2 20. Qf3 Rd8 21. Nd2 Rdxd2 22. Qa8+ Rd8 23. Qf3 e4 24. Qf5 g6 25. Qe5 Nxh3+ 26. gxh3 Qxh3 0-1


[Site "https://www.chess.com"]

[Event "Titled Tuesday Blitz January 10 Late 2023"]
[White "Aravindh, Chithambaram VR."]
[Black "Necromon"]
[WhiteFideId "5072786"]
[WhiteElo "2633"]
[BlackElo "2454"]
[Result "1-0"]
[Round "01"]
[TimeControl "180+2"]
[Date "2023.01.10"]
[WhiteClock "0:01:49"]
[BlackClock "0:01:40"]

1. b3 Nf6 2. Bb2 c5 3. c4 Nc6 4. Nf3 d5 5. cxd5 Nxd5 6. e3 Qc7 7. Bc4 Nb6 8. Be2 e5 9. Nc3 a6 10. O-O Be7 11. d4 cxd4 12. exd4 exd4 13. Nxd4 O-O 14. Nxc6 Qxc6 15. Bf3 Qh6 16. Re1 Bf6 17. Ba3 Rd8 18. Qxd8+ 1-0


[Site "https://www.chess.com"]

[Event "Titled Tuesday Blitz January 10 Late 2023"]
[White "Kleinman, Michael"]
[Black "Jones, Gawain C B"]
[WhiteFideId "2609479"]
[BlackFideId "409561"]
[WhiteElo "2387"]
[BlackElo "2618"]
[Result "0-1"]
[Round "01"]
[TimeControl "180+2"]
[Date "2023.01.10"]
[WhiteClock "0:00:34"]
[BlackClock "0:01:43"]

1. e4 c5 2. Nf3 Nc6 3. Bb5 g6 4. Bxc6 bxc6 5. O-O Bg7 6. c3 Nh6 7. d4 cxd4 8. cxd4 d5 9. e5 Bg4 10. Nc3 Nf5 11. Be3 Nh4 12. Bg5 Bxf3 13. gxf3 Nf5 14. Ne2 f6 15. exf6 exf6 16. Bf4 O-O 17. Qd3 Re8 18. Rfe1 Qd7 19. Bg3 h5 20. h4 Bh6 21. Nc3 Kf7 22. Na4 Nxg3 23. fxg3 Qh3 24. f4 Bxf4 25. Kf2 Qh2+ 26. Kf3 Qxg3# 0-1


[Site "https://www.chess.com"]

[Event "Titled Tuesday Blitz January 10 Late 2023"]
[White "Kamsky, Gata"]
[Black "Reprintsev, Alexander"]
[WhiteFideId "2000024"]
[BlackFideId "14100541"]
[WhiteElo "2665"]
[BlackElo "2253"]
[Result "1/2-1/2"]
[Round "01"]
[TimeControl "180+2"]
[Date "2023.01.10"]
[WhiteClock "0:00:43"]
[BlackClock "0:02:09"]

1. e4 d5 2. d3 dxe4 3. dxe4 Qxd1+ 4. Kxd1 Nc6 5. c3 f5 6. Nd2 Nf6 7. Bb5 Bd7 8. exf5 O-O-O 9. Ngf3 Bxf5 10. Bxc6 bxc6 11. Ne5 Rd5 12. Nc4 g6 13. Ne3 1/2-1/2


[Site "https://www.chess.com"]

[Event "Titled Tuesday Blitz January 10 Late 2023"]
[White "Ansh M Shah"]
[Black "Melkumyan, Hrant"]
[WhiteFideId "25033379"]
[BlackFideId "13302485"]
[WhiteElo "2171"]
[BlackElo "2645"]
[Result "0-1"]
[Round "01"]
[TimeControl "180+2"]
[Date "2023.01.10"]
[WhiteClock "0:00:02"]
[BlackClock "0:00:02"]

1. d4 Nf6 2. c4 g6 3. h4 Bg7 4. Nc3 d6 5. e4 e5 6. d5 Na6 7. Be2 Nc5 8. Qc2 a5 9. h5 Nxh5 10. Bxh5 gxh5 11. Rxh5 Bd7 12. Be3 Qf6 13. f3 h6 14. O-O-O Qe7 15. g4 O-O-O 16. Nge2 b6 17. Ng3 Bf6 18. Rdh1 Kb7 19. Kb1 Ra8 20. Qd2 a4 21. Rxh6 Rxh6 22. Rxh6 Qd8 23. Nh5 Be7 24. g5 Qg8 25. Nf6 Bxf6 26. Rxf6 Qh7 27. Rh6 Qg8 28. Qh2 Nd3 29. Qh5 f5 30. Rh7 Be8 31. Qh6 fxe4 32. Nxe4 Rd8 33. a3 Qg6 34. Qxg6 Bxg6 35. Rg7 Bxe4 36. fxe4 Rh8 37. Kc2 Ne1+ 38. Kd2 Ng2 39. Bf2 Rh3 40. g6 Nf4 41. Rf7 Nxg6 0-1


[Site "https://www.chess.com"]

[Event "Titled Tuesday Blitz January 10 Late 2023"]
[White "Remizov, Yaroslav"]
[Black "Fernandez Garcia, Gumersindo"]
[WhiteFideId "34134015"]
[BlackFideId "24516740"]
[WhiteElo "2421"]
[BlackElo "2160"]
[Result "1/2-1/2"]
[Round "01"]
[TimeControl "180+2"]
[Date "2023.01.10"]
[WhiteClock "0:00:06"]
[BlackClock "0:00:06"]

1. e4 c5 2. Nf3 g6 3. c3 Bg7 4. d4 cxd4 5. cxd4 d5 6. exd5 Nf6 7. Nc3 O-O 8. Qb3 Nbd7 9. Bg5 Nb6 10. Bxf6 Bxf6 11. a4 Bg4 12. a5 Nd7 13. Be2 Bxf3 14. Bxf3 Bxd4 15. O-O Ne5 16. Be2 Bxc3 17. bxc3 Qc7 18. Rfb1 b6 19. axb6 axb6 20. Rxa8 Rxa8 21. g3 Rc8 22. c4 Qc5 23. Qxb6 Qxb6 24. Rxb6 Nxc4 25. Rb7 Kf8 26. Bxc4 Rxc4 27. Rb8+ Kg7 28. Rd8 Rd4 29. f4 h5 30. Kg2 Rd2+ 31. Kh3 Kf6 32. Rd7 Kg7 33. Rxe7 Rxd5 34. Kh4 Rd2 35. h3 Rd4 36. Re5 Ra4 37. Rb5 f6 38. Rb6 Rc4 39. Rd6 Ra4 40. Rb6 Rc4 41. Ra6 Rb4 42. g4 Rxf4 43. Kg3 Rb4 44. gxh5 gxh5 45. Ra8 Kg6 46. Rg8+ Kf5 47. Ra8 h4+ 48. Kg2 Kg5 49. Rg8+ Kf5 50. Rh8 Rb2+ 51. Kg1 Kg5 52. Rg8+ Kf5 53. Rg4 Ke5 54. Rxh4 f5 55. Rc4 f4 56. Kf1 Rh2 57. Rc3 Kf5 58. Kg1 Rd2 59. Ra3 Ke4 60. h4 Kf5 61. h5 Kg5 62. Ra5+ Kg4 63. h6 Rd7 64. Kf2 Rd2+ 65. Ke1 Rh2 66. Kf1 Kg3 67. Ra6 Rh1+ 68. Ke2 f3+ 69. Kd2 f2 70. Rg6+ Kf3 71. Rf6+ Kg2 72. Rg6+ Kf1 73. Rf6 Rh5 74. Ke3 Re5+ 75. Kf4 Re8 76. Kg5 Kg1 77. h7 Rh8 78. Kh6 f1=Q 79. Rxf1+ Kxf1 80. Kg7 Rxh7+ 81. Kxh7 1/2-1/2


[Site "https://www.chess.com"]

[Event "Titled Tuesday Blitz January 10 Late 2023"]
[White "Bambino Filho, Antonio Carlos"]
[Black "Dvirnyy, Danyyil"]
[WhiteFideId "2113163"]
[BlackFideId "817570"]
[WhiteElo "2144"]
[BlackElo "2541"]
[Result "1-0"]
[Round "01"]
[TimeControl "180+2"]
[Date "2023.01.10"]
[WhiteClock "0:00:15"]
[BlackClock "0:00:15"]

1. d4 Nf6 2. c4 e6 3. Nc3 Bb4 4. Qc2 O-O 5. a3 Bxc3+ 6. Qxc3 b6 7. Nf3 Bb7 8. Bg5 h6 9. Bh4 d6 10. e3 Nbd7 11. Be2 c5 12. O-O Rc8 13. Rfd1 Qe7 14. b4 cxd4 15. Qxd4 d5 16. cxd5 Bxd5 17. Ne5 Nxe5 18. Qxe5 Bb3 19. Rdc1 Rfd8 20. h3 g5 21. Bg3 Nd5 22. Qb2 Ba4 23. Be5 f6 24. Bc3 Nxc3 25. Rxc3 Rxc3 26. Qxc3 Kg7 27. Rc1 Rd7 28. Bf3 Qd6 29. Qc8 Qd3 30. Rc7 f5 31. Rxd7+ Qxd7 32. Qxd7+ Bxd7 33. Kf1 Kf6 34. Ke1 Ke5 35. Kd2 f4 36. exf4+ Kxf4 37. Bb7 Bb5 38. g3+ Ke5 39. Ke3 Bf1 40. h4 gxh4 41. gxh4 Bc4 42. Be4 Bb3 43. f4+ Kd6 44. Kd4 Bd1 45. Bd3 Bg4 46. Kc4 Bf3 47. Kb5 Kc7 48. Kc4 Bd5+ 49. Kd4 Kd6 50. Be4 Bb3 51. Bd3 Bd1 52. Be4 Be2 53. Ke3 Bf1 54. Kd4 Ba6 55. Bf3 Bc8 56. Be4 Bd7 57. Bf3 Be8 58. Be4 Bh5 59. Kc4 e5 60. f5 Be2+ 61. Bd3 Bxd3+ 62. Kxd3 Ke7 63. b5 Kf6 64. Ke4 1-0


[Site "https://www.chess.com"]

[Event "Titled Tuesday Blitz January 10 Late 2023"]
[White "Galperin, Platon"]
[Black "Urbina Perez, Juan Antonio"]
[WhiteFideId "14165414"]
[BlackFideId "2217368"]
[WhiteElo "2528"]
[BlackElo "2266"]
[Result "1-0"]
[Round "01"]
[TimeControl "180+2"]
[Date "2023.01.10"]
[WhiteClock "0:00:47"]
[BlackClock "0:00:29"]

1. b3 d5 2. Bb2 Bf5 3. Nf3 e6 4. e3 h6 5. Bd3 Bxd3 6. cxd3 Nf6 7. Qc2 c6 8. Nc3 Nbd7 9. Ne2 Bd6 10. h3 Qe7 11. g4 Ba3 12. Bc3 Bb4 13. Bd4 Bc5 14. Ng3 Bxd4 15. Nxd4 Qc5 16. Qb2 O-O-O 17. b4 Qd6 18. Rc1 Kb8 19. a4 g6 20. b5 c5 21. Nc6+ Ka8 22. Nxd8 Rxd8 23. f4 g5 24. O-O h5 25. Nxh5 Nxh5 26. gxh5 gxf4 27. Rxf4 Rg8+ 28. Kh1 e5 29. Rf2 Qe6 30. Kh2 e4 31. dxe4 dxe4 32. Rg1 Re8 33. Qg7 Ne5 34. h6 Nf3+ 35. Rxf3 exf3 36. h7 f2 37. h8=Q fxg1=Q+ 38. Kxg1 b6 39. Qhh6 Qd5 40. Qc6+ Qxc6 41. bxc6 1-0


[Site "https://www.chess.com"]

[Event "Titled Tuesday Blitz January 10 Late 2023"]
[White "Mikhalsky, Vladimir"]
[Black "Moroni, Luca Jr"]
[WhiteFideId "14144352"]
[BlackFideId "865834"]
[WhiteElo "2219"]
[BlackElo "2535"]
[Result "0-1"]
[Round "01"]
[TimeControl "180+2"]
[Date "2023.01.10"]
[WhiteClock "0:00:19"]
[BlackClock "0:00:24"]

1. d4 d6 2. e4 e5 3. Nf3 exd4 4. Nxd4 Nf6 5. Nc3 Be7 6. Bc4 O-O 7. O-O Re8 8. f3 c6 9. Kh1 Bf8 10. a4 a5 11. Bg5 h6 12. Bh4 Nbd7 13. Qd2 Ne5 14. Bb3 Nxe4 15. Nxe4 Qxh4 16. f4 Ng4 17. Nf3 Qd8 18. Rae1 d5 19. Ng3 Rxe1 20. Rxe1 Bc5 21. Nd4 Bd7 22. c3 Qh4 23. Nf1 Nf2+ 24. Kg1 Ne4 25. Qe3 Re8 26. g3 Qf6 27. Qd3 Bb6 28. Kg2 g6 29. Bc2 Re7 30. Nf3 Bh3+ 31. Kxh3 Nf2+ 32. Kg2 Nxd3 33. Rxe7 Nxf4+ 34. gxf4 Qxe7 35. Ne5 Bc7 36. Ng4 Bxf4 37. Kf3 h5 38. Nge3 Bxe3 39. Nxe3 Qe5 40. h3 f5 41. Ng2 g5 42. Kf2 f4 43. Bd1 d4 44. Bxh5 dxc3 45. bxc3 Qxc3 46. Ne1 Qd4+ 47. Kf1 Qxa4 48. Nf3 Qd1+ 49. Kf2 a4 50. Bg4 a3 51. Nxg5 Qxg4 52. hxg4 a2 0-1


[Site "https://www.chess.com"]

[Event "Titled Tuesday Blitz January 10 Late 2023"]
[White "Hansen, Eric"]
[Black "Herman, Daniel"]
[WhiteFideId "2606771"]
[BlackFideId "30935008"]
[WhiteElo "2609"]
[BlackElo "1956"]
[Result "1-0"]
[Round "01"]
[TimeControl "180+2"]
[Date "2023.01.10"]
[WhiteClock "0:01:11"]
[BlackClock "0:00:11"]

1. e4 e5 2. Nf3 Nc6 3. Bb5 a6 4. Ba4 Nf6 5. d3 d6 6. c3 Be7 7. O-O O-O 8. Re1 b5 9. Bb3 Na5 10. Bc2 c5 11. Nbd2 Be6 12. Nf1 Qc7 13. Ng3 Nc6 14. Nh4 Rfe8 15. Nhf5 Bf8 16. Bg5 Nd7 17. Qf3 Nb6 18. Nh5 Bxf5 19. exf5 f6 20. Bd2 d5 21. a4 e4 22. dxe4 Ne5 23. Qg3 Qf7 24. Nf4 Nbc4 25. Bc1 d4 26. Ne6 Bd6 27. axb5 axb5 28. Rxa8 Rxa8 29. cxd4 cxd4 30. Bf4 Nxb2 31. Nxd4 Kh8 32. Nxb5 Bb8 33. Bb3 Qe7 34. Bd5 Ra5 35. Nd4 Nbd3 36. Rf1 Nxf4 37. Qxf4 h6 38. Qd2 Qd6 39. f4 Qb6 40. Kh1 Ng4 41. h3 Ba7 42. hxg4 Ra3 43. Nf3 1-0


[Site "https://www.chess.com"]

[Event "Titled Tuesday Blitz January 10 Late 2023"]
[White "Malka, Samuel"]
[Black "Kravtsiv, Martyn"]
[WhiteFideId "20643675"]
[BlackFideId "14113147"]
[WhiteElo "2165"]
[BlackElo "2598"]
[Result "1/2-1/2"]
[Round "01"]
[TimeControl "180+2"]
[Date "2023.01.10"]
[WhiteClock "0:00:12"]
[BlackClock "0:00:19"]

1. d4 d5 2. c4 e6 3. Nf3 Nf6 4. g3 Bb4+ 5. Bd2 Be7 6. Bg2 O-O 7. O-O Nbd7 8. Qc2 c6 9. Rd1 a5 10. Bf4 b5 11. b3 bxc4 12. bxc4 Ba6 13. Nbd2 Rc8 14. e4 Nxe4 15. Nxe4 dxe4 16. Nd2 f5 17. h4 g5 18. hxg5 Bxg5 19. Bd6 Rf7 20. c5 Bd3 21. Qb3 Qe8 22. Nc4 Rg7 23. Rxd3 exd3 24. Qxd3 Qg6 25. Nxa5 Nf6 26. Nxc6 Ng4 27. Ne5 Nxe5 28. Bxe5 Bf6 29. Bd6 f4 30. Qxg6 Rxg6 31. Rd1 fxg3 32. fxg3 Rg4 33. Bh3 Rxd4 34. Bxe6+ Kg7 35. Rxd4 Bxd4+ 36. Kg2 Re8 37. Bd5 Be5 38. Bc6 Re6 39. Bd7 Bxd6 40. Bxe6 Bxc5 41. Bd5 Kf6 42. Kf3 h6 43. Bb3 Ba3 44. Kg4 Kg7 45. Kh5 Bd6 46. Bc2 Bxg3 47. a4 Bc7 48. Bd1 Ba5 49. Bc2 Bb6 50. Bd1 Ba5 51. Bc2 Bb6 52. Bd1 Ba5 1/2-1/2


[Site "https://www.chess.com"]

[Event "Titled Tuesday Blitz January 10 Late 2023"]
[White "Svane, Frederik"]
[Black "Estrada Nieto, Julian"]
[WhiteFideId "12923044"]
[BlackFideId "5101018"]
[WhiteElo "2600"]
[BlackElo "2215"]
[Result "1-0"]
[Round "01"]
[TimeControl "180+2"]
[Date "2023.01.10"]
[WhiteClock "0:00:49"]
[BlackClock "0:00:05"]

1. c4 e5 2. g3 Nf6 3. Bg2 d5 4. cxd5 Nxd5 5. Nc3 Nb6 6. Nf3 Nc6 7. O-O Be7 8. d3 O-O 9. a3 Be6 10. Be3 a5 11. Rc1 f5 12. Bxb6 cxb6 13. Nd2 Bc5 14. Na4 Qd6 15. Nc4 Bxc4 16. Rxc4 Bd4 17. Qb3 Kh8 18. e3 Bc5 19. Nxc5 bxc5 20. Qxb7 Rac8 21. Rfc1 Rc7 22. Qb6 Rb8 23. Qxc5 Qf6 24. Bxc6 Rbc8 25. Qxa5 h6 26. Bd5 Rxc4 27. Rxc4 Rd8 28. Rc6 Qe7 29. Qc5 Qd7 30. Be6 Qxd3 31. Rc8 e4 32. Rxd8+ Qxd8 33. Qxf5 Qd1+ 34. Kg2 1-0


[Site "https://www.chess.com"]

[Event "Titled Tuesday Blitz January 10 Late 2023"]
[White "Baskakov, Egor"]
[Black "Martin Duque, Jesus"]
[WhiteFideId "24197866"]
[BlackFideId "2208954"]
[WhiteElo "2215"]
[BlackElo "2386"]
[Result "1-0"]
[Round "01"]
[TimeControl "180+2"]
[Date "2023.01.10"]
[WhiteClock "0:01:29"]
[BlackClock "0:01:14"]

1. e4 c5 2. Nf3 b6 3. c4 Bb7 4. Nc3 g6 5. d4 cxd4 6. Nxd4 Bg7 7. g3 Nc6 8. Be3 Nf6 9. h3 O-O 10. Bg2 Rc8 11. b3 d6 12. O-O Nd7 13. Qd2 Nxd4 14. Bxd4 Bxd4 15. Qxd4 Qc7 16. Rad1 a6 17. Nd5 Bxd5 18. exd5 Qc5 19. Qh4 b5 20. cxb5 axb5 21. Qxe7 Ne5 22. Qg5 b4 23. Kh2 Ra8 24. Rd2 Qc3 25. Re2 Nd3 26. Qe7 Nc1 27. Re3 Qc5 28. h4 Rxa2 29. h5 Rc2 30. h6 Qd4 31. Re4 Qc3 32. Rc4 Re2 33. Rxc3 Rxe7 34. Rcxc1 1-0


[Site "https://www.chess.com"]

[Event "Titled Tuesday Blitz January 10 Late 2023"]
[White "Gasparyan, David"]
[Black "Sanal, Vahap"]
[WhiteFideId "13311980"]
[BlackFideId "6300545"]
[WhiteElo "2142"]
[BlackElo "2600"]
[Result "0-1"]
[Round "01"]
[TimeControl "180+2"]
[Date "2023.01.10"]
[WhiteClock "0:01:17"]
[BlackClock "0:01:42"]

1. e4 e5 2. Nf3 Nc6 3. b3 Nf6 4. Bb2 Nxe4 5. Qe2 d5 6. Nxe5 Nxe5 7. Bxe5 Be6 8. Nc3 Nxc3 9. dxc3 Qd7 10. h3 O-O-O 11. g4 f6 12. Bd4 h5 13. gxh5 Ba3 14. Qd2 Rhe8 15. Be3 Bf5 16. Bd3 Be4 17. Bxe4 Rxe4 18. f3 Rxe3+ 19. Qxe3 Re8 20. Qxe8+ Qxe8+ 21. Kd2 Qxh5 22. b4 Bb2 23. Rab1 Qxf3 24. Rbd1 Bxc3+ 25. Kc1 Qf4+ 0-1


[Site "https://www.chess.com"]

[Event "Titled Tuesday Blitz January 10 Late 2023"]
[White "Zakhartsov, Vladimir"]
[Black "Pasti, Aron"]
[WhiteFideId "4145097"]
[BlackFideId "785857"]
[WhiteElo "2552"]
[BlackElo "2361"]
[Result "1-0"]
[Round "01"]
[TimeControl "180+2"]
[Date "2023.01.10"]
[WhiteClock "0:00:09"]
[BlackClock "0:00:10"]

1. e4 c5 2. Nf3 e6 3. g3 Nc6 4. Bg2 d6 5. O-O Nf6 6. Qe2 Be7 7. c3 O-O 8. d4 e5 9. dxc5 dxc5 10. Na3 a6 11. Nc4 Qc7 12. a4 Be6 13. Ng5 Bg4 14. Bf3 Bxf3 15. Nxf3 b5 16. Ne3 Rfd8 17. Nd5 Nxd5 18. exd5 Na5 19. axb5 axb5 20. Qxb5 e4 21. Bf4 Bd6 22. Bxd6 Qxd6 23. Rxa5 Rxa5 24. Qxa5 exf3 25. c4 g5 26. Re1 Qd7 27. Qc3 Qf5 28. h3 h5 29. Re5 Qb1+ 30. Kh2 f6 31. Re6 g4 32. Qxf6 1-0


[Site "https://www.chess.com"]

[Event "Titled Tuesday Blitz January 10 Late 2023"]
[White "Bochnicka, Vladimir"]
[Black "Zhigalko, Sergei"]
[WhiteFideId "14943450"]
[BlackFideId "13502956"]
[WhiteElo "2327"]
[BlackElo "2572"]
[Result "0-1"]
[Round "01"]
[TimeControl "180+2"]
[Date "2023.01.10"]
[WhiteClock "0:00:06"]
[BlackClock "0:01:00"]

1. e4 c5 2. Nf3 Nc6 3. d4 cxd4 4. Nxd4 Nf6 5. Nc3 e5 6. Ndb5 d6 7. Bg5 a6 8. Na3 b5 9. Nd5 Be7 10. Bxf6 Bxf6 11. c3 Bg5 12. Nc2 Ne7 13. h4 Bh6 14. Nce3 Bxe3 15. Nxe3 O-O 16. Be2 Be6 17. a4 bxa4 18. Qxa4 Qb6 19. Qa3 Rfb8 20. O-O Qxb2 21. Qxd6 Ng6 22. Bc4 Bxc4 23. Nxc4 Qxc3 24. Rfc1 Qb4 25. Rxa6 Qxd6 26. Rxd6 Rc8 27. Rdd1 f6 28. g3 Nf8 29. Nb6 Rxc1 30. Rxc1 Rb8 31. Nd5 Ne6 32. Kg2 Rb7 33. Rc6 Kf7 34. Rd6 Nc5 35. Rc6 Nxe4 36. Kf3 Nd2+ 37. Ke2 Nb3 38. Rc8 Rd7 39. Ne3 Nd4+ 40. Kf1 h5 41. Kg2 Ra7 42. Rc5 Ne6 43. Rc6 Nd4 44. Rc5 Kg6 45. Rd5 Nc6 46. Rd6 Nb4 47. Rb6 Nd3 48. Nc4 Ra2 49. Rb3 Nxf2 50. Nb2 Nd1 0-1


[Site "https://www.chess.com"]

[Event "Titled Tuesday Blitz January 10 Late 2023"]
[White "Movahed, Sina"]
[Black "Mekhane, Adam"]
[WhiteFideId "42520835"]
[BlackFideId "36050601"]
[WhiteElo "2340"]
[BlackElo "2280"]
[Result "1-0"]
[Round "01"]
[TimeControl "180+2"]
[Date "2023.01.10"]
[WhiteClock "0:01:03"]
[BlackClock "0:00:07"]

1. e4 e5 2. Nf3 Nc6 3. Bb5 a6 4. Ba4 Nf6 5. O-O b5 6. Bb3 Be7 7. d3 d6 8. c3 O-O 9. Re1 Bb7 10. Nbd2 Na5 11. Bc2 c5 12. Qe2 Re8 13. Nf1 Bf8 14. Ne3 g6 15. a4 Bg7 16. Bd2 c4 17. dxc4 Nxe4 18. cxb5 axb5 19. axb5 Nc5 20. b4 Ncb3 21. Rxa5 Nxa5 22. bxa5 Rxa5 23. c4 Ra8 24. Bb4 Qc7 25. Rd1 Red8 26. Nd2 f5 27. Bb3 Kh8 28. Nf3 h6 29. h4 Kh7 30. h5 Qf7 31. hxg6+ Qxg6 32. Nh4 Qg5 33. Nhxf5 Bf6 34. Nxd6 Rxd6 35. Bxd6 Rg8 36. c5 Bxg2 37. Bxg8+ Qxg8 38. Nxg2 1-0


[Site "https://www.chess.com"]

[Event "Titled Tuesday Blitz January 10 Late 2023"]
[White "Ongut, Tamas Gunes"]
[Black "Holt, Conrad"]
[WhiteFideId "770280"]
[BlackFideId "2034387"]
[WhiteElo "2299"]
[BlackElo "2540"]
[Result "1/2-1/2"]
[Round "01"]
[TimeControl "180+2"]
[Date "2023.01.10"]
[WhiteClock "0:00:17"]
[BlackClock "0:00:07"]

1. e4 e6 2. d4 d5 3. exd5 exd5 4. Nf3 Bd6 5. c4 Nf6 6. c5 Be7 7. Bd3 O-O 8. O-O b6 9. cxb6 axb6 10. Ne5 c5 11. Bf4 c4 12. Bc2 b5 13. Nc3 b4 14. Nb5 Ba6 15. a4 bxa3 16. Nxa3 c3 17. Nb5 cxb2 18. Ra2 Bxb5 19. Rxa8 Bxf1 20. Qxf1 Qb6 21. Qb1 Qxd4 22. Nd3 Nc6 23. Rxf8+ Bxf8 24. Qxb2 Ne4 25. Qxd4 Nxd4 26. Bd1 Nc3 27. Be5 Ndb5 28. Bxc3 Nxc3 29. Bf3 Bd6 30. Kf1 f5 31. g3 Kf7 32. Ke1 g5 33. Kd2 Ne4+ 34. Ke2 g4 35. Bg2 d4 36. h3 Ke6 37. hxg4 Nc3+ 38. Kd2 fxg4 39. Bb7 h5 40. f3 Kf5 41. Bc8+ Kg5 42. f4+ Kg6 43. Nf2 h4 44. f5+ Kg5 45. gxh4+ Kxh4 46. Bb7 Be5 47. Ne4 Nb5 48. Kd3 Nc7 49. Nd2 Kg5 50. Bc8 Ne8 51. Ne4+ Kf4 52. Bd7 Nf6 53. Nxf6 Bxf6 54. Ke2 g3 55. Kf1 Kf3 56. Bb5 g2+ 57. Kg1 d3 58. Bc6+ Ke3 59. Kxg2 d2 60. Ba4 Ke4 61. Bd1 Kxf5 62. Kf2 Bg5 63. Ke2 Ke5 64. Kd3 Bh6 65. Kc2 Bg5 66. Bh5 Bh6 67. Bd1 Bg5 68. Bh5 Kd4 69. Bd1 Bh6 70. Bh5 Bg5 71. Bd1 Bh6 72. Bh5 Bg5 1/2-1/2


[Site "https://www.chess.com"]